 Dungeon Crawl Stone Soup version 0.16.2-12-gd0ad4c3 (webtiles) character file.

708 CrazyArbalest the Reanimator (level 7, -2/36 HPs)
             Began as a Deep Elf Necromancer on Oct 13, 2015.
             Killed by divine providence
             ... invoked by an orc priest
              (17 damage)
             ... on level 4 of the Dungeon.
             The game lasted 00:27:45 (4546 turns).

CrazyArbalest the Reanimator (Deep Elf Necromancer) Turns: 4546, Time: 00:27:45

Health: -2/36      AC:  4    Str:  5    XL:     7   Next: 40%
Magic:  17/25      EV: 15    Int: 21    God:
Gold:   205        SH:  0    Dex: 16    Spells: 4 memorised, 12 levels left

rFire  + . .     SeeInvis .     x - -1 great sword (curse)
rCold  . . .     Clarity  .     F - +0 leather armour {rF+}
rNeg   . . .     SustAb   .     (no shield)
rPois  .         Gourm    .     (no helmet)
rElec  .         Spirit   .     (no cloak)
rCorr  .         Warding  .     (no gloves)
rMut   .         Stasis   .     B - +0 pair of boots
MR     .....                    (no amulet)
Stlth  ++........               (no ring)
                                f - +2 ring of evasion

@: very slightly contaminated, not resistant to hostile enchantments, unstealthy
A: no striking features
a: no special abilities


You were on level 4 of the Dungeon.
You were hungry.

You visited 1 branch of the dungeon, and saw 4 of its levels.

You collected 205 gold pieces.

Inventory:

Hand weapons
 x - a cursed -1 great sword (weapon)
 E - a +0 rapier
Missiles
 r - 12 bolts
 t - 17 steel bolts
Armour
 a - a +0 robe
 B - a +0 pair of boots (worn)
 F - a +0 leather armour of fire resistance (worn)
Jewellery
 f - a +2 ring of evasion (left hand)
Magical devices
 u - a wand of random effects (34)
Scrolls
 d - 3 scrolls of random uselessness {unknown}
 g - 2 scrolls of amnesia {unknown}
 i - 3 scrolls of teleportation {unknown}
 k - 3 scrolls of magic mapping {unknown}
 o - 2 scrolls of identify {unknown}
 q - 3 scrolls of recharging {unknown}
 s - a scroll of fear {unknown}
 v - 5 scrolls of enchant armour {unknown}
 y - a scroll of enchant weapon {unknown}
 H - a scroll of fog {unknown}
Potions
 e - 2 potions of might {unknown}
 h - a potion of ambrosia {unknown}
 j - 3 potions of curing {unknown}
 l - a potion of poison {unknown}
 m - 2 potions of brilliance {unknown}
 p - a potion of degeneration {unknown}
 z - a potion of magic {unknown}
 C - a potion of lignification {unknown}
 D - a potion of haste {unknown}
Books
 b - a book of Necromancy

   Spells                             Type                      Level
   a - Pain                           Necromancy                   1
   b - Animate Skeleton               Necromancy                   1
   c - Vampiric Draining              Necromancy                   3
   d - Regeneration                   Charms/Necromancy            3
   e - Animate Dead                   Necromancy                   4
   f - Control Undead                 Necromancy                   4
Comestibles
 c - 3 bread rations
 n - 5 fruits
 w - a royal jelly
 A - a meat ration
 G - 2 chunks of flesh


   Skills:
 + Level 0.1 Fighting
 - Level 0.1 Long Blades
 + Level 0.1 Armour
 + Level 3.5 Dodging
 + Level 2.8 Stealth
 + Level 7.3 Spellcasting
 + Level 8.4 Necromancy


You had 12 spell levels left.
You knew the following spells:

 Your Spells              Type           Power        Failure   Level  Hunger
a - Pain                  Necr           ####         1%          1    None
b - Animate Skeleton      Necr           N/A          1%          1    None
c - Vampiric Draining     Necr           #####.....   1%          3    None
d - Regeneration          Chrm/Necr      ####......   10%         3    None


Dungeon Overview and Level Annotations

Branches:
Dungeon (4/15)
 Temple: D:4-7

Altars:
Dithmenos
Fedhas
Nemelex Xobeh
Sif Muna
The Shining One


Message History

The orc priest invokes the aid of Beogh against you.
Pain shoots through your body!
Your orc skeleton hits the orc priest with a dagger.
The orc priest dies!
Casting: Pain
Confirm with . or Enter, or press ? or * to list all spells.
Aiming: Pain
Press: ? - help, Shift-Dir - straight line, f - orc priest
Aim: an orc priest, wielding a falchion (chance 84%)
The orc priest convulses in agony!
The orc priest's eyes start to glow.
Casting: Pain
Confirm with . or Enter, or press ? or * to list all spells.
Aiming: Pain
Press: ? - help, Shift-Dir - straight line, f/p - orc priest
Aim: an orc priest, wielding a falchion (severely wounded, chance 84%)
The orc priest convulses in agony!
The orc priest calls down the wrath of Beogh upon you.
Something smites you!
You die...

########### ##.........#
#..#.#####.# #.[#.#...#)#
#..#.#.#.#.#
#####..#.#.#.#.##############
#......#...#.#Z@.............
#......#####.#.).[...........
#............#...)............
#......#####.#.o...[..........
##.....#...#.#...##)...##.##..
.##.....#.#.#.#...##....##.#
........#.#.#.#..............
.##.....#.#...#..............
.##....)#.#####..............


You could see an orc priest and a friendly orc skeleton.

Vanquished Creatures
  Eustachio (D:4)
  An ogre (D:2)
  A scorpion (D:4)
  2 orc wizards (D:4)
  4 worker ants (D:4)
  An iguana (D:4)
  4 gnolls (D:2)
  7 adders
  2 river rats (D:2)
  A giant mite (D:4)
  A worm (D:2)
  2 giant geckos
  7 orcs
  6 bats
  3 giant cockroaches
  7 hobgoblins
  8 jackals
  2 quokkas (D:3)
  A ball python (D:2)
  4 giant newts
  5 goblins
  A jackal skeleton (D:4)
  11 kobolds
  8 rats
90 creatures vanquished.

Vanquished Creatures (collateral kills)
  An orc priest (D:4)
  A centaur skeleton (D:4)
  2 river rats (D:2)
  2 orcs (D:4)
  A hobgoblin (D:2)
  A goblin (D:2)
  A rat (D:4)
  2 plants (D:2)
11 creatures vanquished.

Vanquished Creatures (others)
  A human skeleton (D:4)
  3 adder skeletons
  A bat skeleton (D:3)
  A giant gecko skeleton (D:4)
  A giant newt skeleton (D:2)
  A hobgoblin skeleton (D:4)
  2 orc skeletons (D:4)
  A rat skeleton (D:4)
11 creatures vanquished.

Grand Total: 112 creatures vanquished

Notes
Turn   | Place    | Note
--------------------------------------------------------------
     0 | D:1      | CrazyArbalest, the Deep Elf Necromancer, began the quest for the Orb.
     0 | D:1      | Reached XP level 1. HP: 10/10 MP: 5/5
   103 | D:1      | Reached skill level 5 in Necromancy
   110 | D:1      | Learned a level 1 spell: Animate Skeleton
   258 | D:1      | Reached XP level 2. HP: 12/15 MP: 3/8
   514 | D:2      | Found a shadowy altar of Dithmenos.
   514 | D:2      | Noticed an ogre
   521 | D:2      | Killed an ogre
   521 | D:2      | Reached skill level 6 in Necromancy
   521 | D:2      | Reached XP level 3. HP: 12/19 MP: 2/12
   521 | D:2      | Reached XP level 4. HP: 15/24 MP: 2/15
   735 | D:2      | Found a blossoming altar of Fedhas.
  1134 | D:2      | Reached XP level 5. HP: 15/28 MP: 9/18
  1398 | D:2      | Reached skill level 5 in Spellcasting
  1788 | D:2      | Reached skill level 7 in Necromancy
  2109 | D:3      | Found a deep blue altar of Sif Muna.
  2177 | D:3      | Learned a level 3 spell: Vampiric Draining
  2181 | D:3      | Learned a level 3 spell: Regeneration
  2263 | D:3      | Found a glowing golden altar of the Shining One.
  3326 | D:4      | Reached XP level 6. HP: 22/32 MP: 15/21
  3645 | D:4      | Noticed Eustachio
  3655 | D:4      | Killed Eustachio
  3864 | D:4      | Reached XP level 7. HP: 31/36 MP: 18/24
  3891 | D:4      | Reached skill level 8 in Necromancy
  3947 | D:4      | Your ally Eustachio died
  3971 | D:4      | Noticed a hungry ghost
  4371 | D:4      | Found a sparkling altar of Nemelex Xobeh.
  4371 | D:4      | Noticed a hill giant
  4546 | D:4      | Killed from afar by an orc priest

Action                   |  1- 3 |  4- 6 |  7- 9 || total
-------------------------+-------+-------+-------++-------
Melee: Unarmed           |       |    23 |       ||    23
       Great sword       |       |     5 |     1 ||     6
 Cast: Pain              |    17 |   139 |    43 ||   199
       Animate Skeleton  |     5 |    29 |     3 ||    37
       Regeneration      |       |     1 |       ||     1
 Stab: Sleeping          |       |     1 |       ||     1
  Eat: Chunk             |       |     9 |     1 ||    10
